 Dungeon Crawl Stone Soup version 0.27.0-1-g7a089689b8 (webtiles) character file.

Game seed: 13461829783024813104

1381 oldmanjim the Skirmisher (level 8, -1/64 HPs)
             Began as a Merfolk Necromancer on Aug 7, 2021.
             Was an Initiate of Gozag.
             Succumbed to a hornet's poison
             ... while paralysed by a hornet
             ... on level 6 of the Dungeon on Aug 14, 2021.
             The game lasted 01:00:12 (8276 turns).

oldmanjim the Skirmisher (Merfolk Necromancer)      Turns: 8276, Time: 01:00:13

Health: -1/64      AC:  9    Str: 16    XL:     8   Next: 67%
Magic:  12/12      EV:  2    Int: 14    God:    Gozag
Gold:   576        SH:  0    Dex: 15    Spells: 10/13 levels left

rFire    . . .     SeeInvis .   a - +0 halberd
rCold    . . .     Faith    .   (shield currently unavailable)
rNeg     . . .     Spirit   .   j - +0 scale mail
rPois    .         Reflect  +   (no helmet)
rElec    .         Harm     .   (no cloak)
rCorr    .         Rampage  .   D - +0 pair of gloves
Will     .....                  q - +1 pair of boots
Stlth    +.........             r - amulet of reflection
HPRegen  0.20/turn              x - +6 ring of strength
MPRegen  0.13/turn              (no ring)

@: paralysed, lethally poisoned (-1 -> -21), slowed
A: (nimble swimmer 2), mertail
a: Renounce Religion, Potion Petition, Call Merchant, Bribe Branch


You were on level 6 of the Dungeon.
You worshipped Gozag.
Gozag was pleased with you.
You visited 1 branch of the dungeon, and saw 7 of its levels.

You collected 585 gold pieces.
You paid 9 gold pieces to Gozag.

Inventory:

Hand Weapons
 a - a +0 halberd (weapon)
 d - a +1 dagger of venom
 G - a +0 trident
Missiles
 b - 138 stones
 c - 48 poisoned darts (quivered)
 f - 29 arrows
 k - 63 sling bullets
 C - 6 javelins
Armour
 j - a +0 scale mail (worn)
 q - a +1 pair of boots (worn)
 w - a +0 leather armour
 y - a +0 robe
 D - a +0 pair of gloves (worn)
Jewellery
 r - an amulet of reflection (around neck)
 x - a +6 ring of strength (left hand)
Scrolls
 e - a scroll of brand weapon {unknown}
 h - 2 scrolls of enchant armour
 i - a scroll of silence {unknown}
 l - a scroll of vulnerability
 s - a scroll of torment {unknown}
 u - a scroll of noise {unknown}
 A - a scroll of fog {unknown}
 B - a scroll of enchant weapon {unknown}
 H - a scroll of blinking {unknown}
 I - a scroll of teleportation {unknown}
Potions
 g - a potion of ambrosia {unknown}
 m - a potion of attraction
 n - 2 potions of flight {unknown}
 p - a potion of resistance {unknown}
 t - 2 potions of cancellation
 v - a potion of curing
 z - a potion of lignification
 E - a potion of haste {unknown}
 F - a potion of might {unknown}


   Skills:
 - Level 6.0 Fighting
 + Level 5.6 Polearms
 - Level 6.0 Dodging
 - Level 4.0 Stealth
 - Level 3.0 Spellcasting
 + Level 5.0 Summonings
 - Level 3.2 Necromancy


You had 10 spell levels left.
You knew the following spells:

 Your Spells              Type           Power      Damage    Failure   Level
a - Pain                  Necr           44%        1d6       22%         1
b - Call Imp              Summ           16%        N/A       16%         2

Your spell library contained the following spells:

 Spells                   Type           Power      Damage    Failure   Level
 Summon Small Mammal      Summ           64%        N/A       11%         1
 Animate Skeleton         Necr           22%        N/A       22%         1
 Vampiric Draining        Necr           5%         2d6       54%         3
 Apportation              Tloc           4%         N/A       63%         1
 Corona                   Hex            2%         N/A       63%         1
 Magic Dart               Conj           8%         1d3       63%         1
 Slow                     Hex            2%         N/A       77%         2
 Animate Dead             Necr           5%         N/A       91%         4
 Confusing Touch          Hex            2%         N/A       94%         3
 Dazzling Flash           Conj/Hex       4%         N/A       94%         3
 Mephitic Cloud           Conj/Pois/Air  2%         N/A       94%         3
 Agony                    Necr           11%        N/A       99%         5
 Silence                  Hex/Air        1%         N/A       100%        5
 Yara's Violent Unravell  Hex/Tmut       1%         3d3       100%        5


Dungeon Overview and Level Annotations

Branches:
Dungeon (7/15)             Temple (0/1) D:5

Altars:
Gozag
Kikubaaqudgha
Yredelemnul
The Shining One


Innate Abilities, Weirdness & Mutations

((You are quick and stealthy near water. (Stealth+, EV+, Speed+++)))
Your lower body shifts to a powerful aquatic tail in water.


Message History

You finish putting on your +0 scale mail.
You climb downwards.
A hornet comes into view.
Found a crooked bronze wand.
There is a stone staircase leading up here.
Throw: 49 darts (poison)
Press: ? - help, Q - select action, (/) - cycle Shift-Dir - straight line, f - hornet
Aim: a hornet (asleep, 98% to hit)
You throw a poisoned dart. The poisoned dart hits the hornet.
The hornet is poisoned.
The hornet buzzes angrily.
The hornet stings you!
You suddenly lose the ability to move!
The hornet stings you!
You feel yourself slow down. The hornet stings you!
You are poisoned.
You shrug off the repeated paralysis!
You feel very sick. The hornet stings you!
You feel as though you will be slow longer.
The hornet stings you but does no damage.
You can move again.
You climb upwards.
You feel very sick.
There is a stone staircase leading down here.
You feel sick.
The hornet stings you but does no damage.
You feel yourself speed up.
You feel sick.
The hornet looks more healthy.
The hornet stings you.
* * * LOW HITPOINT WARNING * * *
You are lethally poisoned!
You suddenly lose the ability to move!
* * * LOW HITPOINT WARNING * * *
You feel very sick. The hornet stings you.
* * * LOW HITPOINT WARNING * * *
You are more poisoned.
You feel yourself slow down.
The hornet stings you but does no damage.
You die...
Your body crumbles into a pile of gold.

###[###.........####
#.##..#.#.........
#.##.##.###.#..###
#.##.##.###.#..###
#.##.##..#..#....#
#....###..........
#..#####...####...
#..# ##..### #..#
#@####..## ###...
#y#....######....#
#>#.#.........##.#
##.....##########<#
#..##### #.# #.##
#.. ##.# #.. ##..#
#.. ####...# ###


You could see a hornet.

Vanquished Creatures
  Sigmund (D:2)
  2 black bears (D:6)
  An ogre (D:5)
  A bullfrog (D:6)
  A scorpion (D:4)
  A water moccasin zombie (D:5)
  A water moccasin skeleton (D:4)
  A wight (D:5)
  2 centaur zombies
  A hound (D:6)
  A jelly (D:6)
  A bullfrog skeleton (D:6)
  2 centaur skeletons
  3 orc wizards
  An iguana (D:6)
  A hound skeleton (D:4)
  7 adders
  2 gnolls (D:6)
  A shadow imp (D:5)
  An ufetubus (D:6)
  An adder skeleton (D:4)
  3 worms
  A dart slug (D:5)
  11 orcs
  8 bats
  3 endoplasms
  12 giant cockroaches
  6 goblins
  7 hobgoblins
  8 jackals
  3 quokkas
  4 ball pythons
  4 frilled lizards (D:1)
  8 kobolds
  4 rats
115 creatures vanquished.

Vanquished Creatures (collateral kills)
  A water moccasin (D:6)
  A wight (D:5)
  A gnoll shaman (D:6)
  An iguana (D:6)
  3 gnolls (D:6)
7 creatures vanquished.

Grand Total: 122 creatures vanquished

Notes
Turn   | Place    | Note
-------+----------+-------------------------------------------
     0 | D:1      | oldmanjim the Merfolk Necromancer began the quest for the
                  | Orb.
     0 | D:1      | Reached XP level 1. HP: 13/13 MP: 3/3
   419 | D:1      | Reached XP level 2. HP: 18/20 MP: 1/5
   587 | D:1      | Reached skill level 1 in Fighting
   834 | D:1      | Found a faded altar of an unknown god.
  1320 | D:2      | Reached XP level 3. HP: 21/27 MP: 6/6
  1523 | D:2      | Noticed Sigmund
  1528 | D:2      | Killed Sigmund
  1529 | D:2      | Reached XP level 4. HP: 26/37 MP: 7/7
  1529 | D:2      | Reached XP level 5. HP: 30/42 MP: 8/8
  1699 | D:2      | Noticed a necrophage
  2235 | D:2      | Reached XP level 6. HP: 49/49 MP: 9/9
  2343 | D:3      | Reached skill level 5 in Fighting
  2463 | D:3      | Found an opulent altar of Gozag.
  2484 | D:3      | Became a worshipper of Gozag Ym Sagoz the Greedy
  3025 | D:3      | Reached skill level 5 in Dodging
  3355 | D:3      | Learned a level 2 spell: Call Imp
  3762 | D:4      | Reached skill level 1 in Summonings
  4030 | D:4      | Reached XP level 7. HP: 56/56 MP: 10/10
  4887 | D:5      | Entered Level 5 of the Dungeon
  5147 | D:5      | Found a staircase to the Ecumenical Temple.
  5203 | D:5      | Found a basalt altar of Yredelemnul.
  5786 | D:5      | Reached skill level 1 in Polearms
  6838 | D:6      | Reached XP level 8. HP: 26/60 MP: 9/12
  7471 | D:6      | Reached skill level 5 in Polearms
  7944 | D:6      | Reached skill level 5 in Summonings
  8202 | D:6      | Found a glowing golden altar of the Shining One.
  8202 | D:6      | Found an ancient bone altar of Kikubaaqudgha.
  8267 | D:7      | Noticed a hornet
  8269 | D:7      | Paralysed by a hornet for 3 turns
  8274 | D:6      | Paralysed by a hornet for 3 turns
  8275 | D:6      | HP: 3/64 [hornet (4)]
  8276 | D:6      | Succumbed to a hornet's poison

Illustrated notes

Levels and vault maps discovered:
D:1:      lightli_arrival_statue_moat, layout_basic, serial_forest,
          infiniplex_forest_end_3, infiniplex_forest_corner_2,
          infiniplex_forest_lined_ring, infiniplex_forest_clump_diagonal,
          infiniplex_forest_straight_4, ebering_ecumenical_altar_sacrificial
D:2:      layout_basic, chequers_garden, uniq_sigmund
D:3:      layout_loops_ring, mainiacjoe_overflow_cross_hatched,
          portal_sewer_entry_e
D:4:      layout_basic
D:5:      layout_loops_corners, overflow_temple_1_default,
          minmay_temple_entry_sparse_star
D:6:      layout_rooms, gammafunk_temple_overflow_wave
D:7:      layout_cave_pools, lemuel_blue_sif_altar

Skill      XL: |  1  2  3  4  5  6  7  8 |
---------------+-------------------------+-----
Dodging        | 3 4 5 6 |  6.0
Fighting       | 2 4 5 6 |  6.0
Stealth        | 3 4 |  4.0
Summonings     | 1 3 5 |  5.0
Polearms       | 2 5 |  5.6
Spellcasting   | 3 |  3.0
Necromancy     | |  3.2

Action                   |  1- 3 |  4- 6 |  7- 9 || total
-------------------------+-------+-------+-------++-------
Melee: Unarmed           |     7 |       |       ||     7
       Dagger            |    27 |   163 |    66 ||   256
       Tailslap          |       |     4 |       ||     4
       Trident           |       |       |   104 ||   104
       Halberd           |       |       |    25 ||    25
Throw: Dart              |     6 |     8 |    36 ||    50
 Cast: Pain              |    19 |     4 |       ||    23
       Call Imp          |       |       |    17 ||    17
  Use: Scroll            |       |       |     6 ||     6
       Potion            |       |       |     1 ||     1
 Stab: Sleeping          |     3 |     9 |     6 ||    18
       Distracted        |       |     1 |     2 ||     3
Armor: Robe              |    12 |    37 |    40 ||    89
       Scale mail        |       |       |     3 ||     3
Dodge: Dodged            |    21 |   131 |   154 ||   306
Block: Other             |       |    30 |    45 ||    75
